 Seeded DCSS version 0.30-a0-918-g0ff054e9dc (webtiles) character file.

Game seed: 20230317 (custom seed)

35 Parcival the Conjurer (level 3, 18/24 HPs)
             Began as a Human Conjurer on Mar 17, 2023.
             Quit the game on level 2 of the Dungeon on Mar 20, 2023.
             The game lasted 00:05:17 (1308 turns).

Parcival the Conjurer (Human Conjurer)              Turns: 1308, Time: 00:05:18

Health: 18/24      AC:  3    Str:  7    XL:     3   Next: 52%
Magic:  6/6        EV: 12    Int: 20    God:
Gold:   66         SH:  0    Dex: 11    Spells: 2/6 levels left

rFire   . . .      SeeInvis .    e - +3 short sword (freeze)
rCold   . . .      Faith    .    (no shield)
rNeg    . . .      Spirit   .    g - +0 robe
rPois   .          Reflect  .    (no helmet)
rElec   .          Rampage  .    (no cloak)
rCorr   .                        f - +0 pair of gloves
Will    .....                    (no boots)
Stlth   ++                       h - amulet of magic regeneration
HPRegen 0.24/turn                (no ring)
MPRegen 0.50/turn                (no ring)

@: no status effects
A: no striking features
a: no special abilities


You were on level 2 of the Dungeon.
You visited 1 branch of the dungeon, and saw 2 of its levels.

You collected 66 gold pieces.

Inventory:

Hand Weapons
 e - a +3 short sword of freezing (weapon)
Armour
 a - a +0 robe
 f - a +0 pair of gloves (worn)
 g - a +0 robe (worn)
Jewellery
 h - an amulet of magic regeneration (around neck)
Scrolls
 k - a scroll of fog
Potions
 b - a potion of magic
 c - a potion of attraction {unknown}
 d - a potion of resistance {unknown}
 i - a potion of might {unknown}


   Skills:
 + Level 2.0 Dodging
 + Level 2.1 Stealth
 + Level 0.2 Unarmed Combat
 + Level 2.3 Spellcasting
 + Level 4.8 Conjurations


You had 2 spell levels left.
You knew the following spells:

 Your Spells              Type           Power      Damage    Failure   Level
a - Magic Dart            Conj           84%        1d7       2%          1
b - Searing Ray           Conj           42%        2d6       3%          2
c - Shock                 Conj/Air       44%        1d5       6%          1

Your spell library contained the following spells:

 Spells                   Type           Power      Damage    Failure   Level
 Dazzling Flash           Conj/Hex       22%        N/A       17%         3
 Swiftness                Air            2%         N/A       43%         3
 Fulminant Prism          Conj/Hex       5%         3d7       50%         4
 Iskenderun's Mystic Bla  Conj/Tloc      11%        2d4       50%         4
 Airstrike                Air            1%         2d(1-17)  83%         4


Dungeon Overview and Level Annotations

Branches:
Dungeon (2/15)

Altars:

Annotations:
D:2 Natasha


Message History

Confirm with . or Enter, or press ? or * to list all spells.
Aiming: Searing Ray (safe; 3% risk of failure)
Press: ? - help, Shift-Dir - straight line, f - ball python
Aim: a ball python (75% to hit)
The searing ray hits the ball python!
You kill the ball python! (Press . to maintain the ray.)
Found a dagger.
There is an open door here.
You see here a ball python corpse.
You now have 60 gold pieces (gained 17).
You now have 66 gold pieces (gained 6).
There is an open door here.
There is an open door here.
There is an open door here.
There is a shaft here.
You open the door.
There is an open door here.
You open the door.
There is an open door here.
Done exploring.
Done exploring.
As you read the scroll labelled HUONOGG POTISM, it crumbles to dust.
It is a scroll of identify.
k - a scroll of fog Done exploring.
Done exploring.
Okay, then.
There is an open door here.
You see here a +0 short sword.
There is a stone staircase leading down here.
You climb downwards.
There is a stone staircase leading up here.
Found a stone staircase leading down.
There is a stone staircase leading down here.
Natasha, Servant of Life and Death comes into view.
Natasha hisses angrily.
Natasha casts a spell at you. The magic dart hits you.
Are you sure you want to abandon this character and quit the game? (Confirm with "yes".)

#.>.....#.#
#.#.#.#.#.#
#.#.....#.#
#.###.###.#
#.# #.# #..
#.# #.# ###
##.###.#
#...##.#
#....#@...#
####...####
##.## #. ..
##. #. #h


You could see Natasha.

Vanquished Creatures
  2 dart slugs (D:1)
  2 ball pythons (D:1)
  4 bats (D:1)
  An endoplasm (D:1)
  2 giant cockroaches (D:1)
  2 hobgoblins (D:1)
  7 jackals (D:1)
  A frilled lizard (D:1)
  2 goblins (D:1)
  3 kobolds (D:1)
  A rat (D:1)
27 creatures vanquished.

Notes
Turn   | Place    | Note
-------+----------+-------------------------------------------
     0 | D:1      | Parcival the Human Conjurer began the quest for the Orb.
     0 | D:1      | Reached XP level 1. HP: 13/13 MP: 3/3
   139 | D:1      | Reached XP level 2. HP: 19/19 MP: 1/5
   349 | D:1      | Learned a level 2 spell: Searing Ray
   351 | D:1      | Learned a level 1 spell: Shock
   606 | D:1      | Reached XP level 3. HP: 24/24 MP: 4/6
   606 | D:1      | Upgraded the game from 0.30-a0-883-g5ad918d77d to
                  | 0.30-a0-918-g0ff054e9dc
   730 | D:1      | Found a faded altar of an unknown god.
  1307 | D:2      | Noticed Natasha
  1308 | D:2      | Quit the game

Illustrated notes

Levels and vault maps discovered:
D:1:      dpeg_arrival_rooms_with_view, layout_loops_corners,
          hellmonk_ecumenical_altar_dog_temple
D:2:      layout_loops_ring, minmay_vboxes, uniq_robin, uniq_natasha

Action                     || total
---------------------------++-------
  Melee: Unarmed           ||     7
         Short sword       ||     7
   Cast: Magic Dart        ||    23
         Shock             ||     8
         Searing Ray       ||    13
    Use: Scroll            ||     1
   Stab: Sleeping          ||     1
 Armour: Robe              ||     3
  Dodge: Dodged            ||    24

Table legend: (Time is in decaauts)
 A = Elapsed time spent in this place.
 B = Non-inter-level travel time spent in this place.
 C = Inter-level travel time spent in this place.
 D = Time resting spent in this place.
 E = Time spent auto-exploring this place.
 F = Levels seen in this place.
 G = Mean time per level.
                   A        B        C        D        E       F      G
               +--------+--------+--------+--------+--------+-----+--------+
         Total |   1307 |   1122 |    185 |      0 |    893 |   2 |  653.5 |
       Dungeon |   1307 |   1122 |    185 |      0 |    893 |   2 |  653.5 |
               +--------+--------+--------+--------+--------+-----+--------+

Top non-repeatable levels by time:
     D:1: 1279 daAuts
     D:2: 27 daAuts
